 Dungeon Sprint DCSS version 0.28-a0-79-g444c7a33f5 (webtiles) character file.

Game seed: 16895922928134638848

17287 Zeldest the Black Belt (level 12, 0/71 HPs)
             Began as a Vine Stalker Transmuter on Aug 2, 2021.
             Was the Champion of Cheibriados.
             Slain by an eight-headed hydra (2 damage)
             ... in the Dungeon (Sprint IX: "|||||||||||||||||||||||||||||").
             The game lasted 00:10:42 (1017 turns).

Zeldest the Black Belt (Vine Stalker Transmuter)    Turns: 1017, Time: 00:10:42

Health: 0/71       AC: 15    Str: 31      XL:     12   Next: 46%
Magic:  0/22       EV: 18    Int: 25 (26) God:    Cheibriados [******]
Gold:   956        SH:  0    Dex: 32      Spells: 2/15 levels left

rFire   + . .      SeeInvis .     - Unarmed
rCold   + . .      Faith    .   (shield currently unavailable)
rNeg    . . .      Spirit   +   t - +2 plate armour {rPois}
rPois   +          Reflect  .   (no helmet)
rElec   .          Harm     .   (no cloak)
rCorr   .          Rampage  .   (gloves currently unavailable)
Will    +....      NoTele   +   (no boots)
Stlth   ..........              x - amulet of magic regeneration
HPRegen 1.21/turn               A - ring of protection from fire
MPRegen 0.43/turn               B - ring of protection from cold

@: blade hands, wereblooded, very slow
A: fangs 3, regeneration 1, magic shield, antimagic bite, no potion heal 2,
deterioration 2, dopey 1
a: End Transformation, Renounce Religion, Bend Time, Temporal Distortion,
Slouch, Step From Time


You were in the Dungeon.
You worshipped Cheibriados.
Cheibriados was exalted by your worship.
You had blades for hands.
You visited 1 branch You collected 2638 gold pieces.
You spent 1682 gold pieces at shops.

Inventory:

Missiles
 u - 2 throwing nets
Armour
 l - a +0 troll leather armour
 t - a +2 plate armour of poison resistance (worn)
Jewellery
 x - an amulet of magic regeneration (around neck)
 A - a ring of protection from fire (left blade hand)
 B - a ring of protection from cold (right blade hand)
 D - a ring of willpower
Wands
 g - a wand of flame (22)
 n - a wand of mindburst (13)
Scrolls
 e - 2 scrolls of amnesia
 f - 4 scrolls of blinking
 o - 4 scrolls of fear
 p - 2 scrolls of fog
 q - 2 scrolls of identify
 v - 3 scrolls of enchant armour
 y - a scroll of vulnerability
Potions
 b - 8 potions of curing
 c - a potion of invisibility
 d - 3 potions of magic
 m - 2 potions of resistance
 s - a potion of attraction {unknown}
 z - a potion of lignification


   Skills:
 + Level 11.8 Fighting
 + Level 6.8 Armour
 + Level 11.0 Dodging
 + Level 15.8 Unarmed Combat
 - Level 2.1 Spellcasting
 - Level 5.3 Conjurations
 + Level 12.9 Transmutations
 + Level 12.6 Invocations


You had 2 spell levels left.
You knew the following spells:

 Your Spells              Type           Power      Damage    Failure   Level
a - Blade Hands           Tmut           30%        N/A       50%         5
b - Wereblood             Tmut           61%        N/A       13%         2
c - Irradiate             Conj/Tmut      24%        3d22      88%         5
d - Beastly Appendage     Tmut           100%       N/A       11%         1

Your spell library contained the following spells:

 Spells                   Type           Power      Damage    Failure   Level
 Sublimation of Blood     Necr           1%         N/A       98%         2
 Spider Form              Tmut/Pois      17%        N/A       61%         3
 Ice Form                 Ice/Tmut       35%        N/A       88%         4
 Petrify                  Tmut/Erth      35%        N/A       88%         4
 Portal Projectile        Hex/Tloc       4%         N/A       99%         3
 Excruciating Wounds      Necr           1%         N/A       100%        5


Dungeon Overview and Level Annotations

Branches:
Dungeon (1/1)

Altars:
Cheibriados
Dithmenos
Elyvilon
Fedhas
Gozag
Hepliaklqana
Kikubaaqudgha
Makhleb
Nemelex Xobeh
Okawaru
Qazlal
Ru
Sif Muna
Trog
Uskayaw
Vehumet
Wu Jian
Xom
Yredelemnul
Zin
The Shining One
Beogh
Jiyva
Lugonu

Shops:
D :*?[


Innate Abilities, Weirdness & Mutations

You have blades for hands.
Your spellcasting is less reliable in this form.
You are incapable of wielding weapons or throwing items.
You have razor-sharp teeth.
Your natural rate of healing is unusually fast.
When hurt, damage is shared between your health and your magic reserves.
Your bite disrupts and absorbs the magic of your enemies.
Potions cannot restore your health.
Your body often deteriorates upon taking damage.
You are dopey. (Int -2)


Message History

The six-headed hydra bites you. The six-headed hydra misses you.
You hear some strange, mumbled words.
The six-headed hydra bites you!
* * * LOW HITPOINT WARNING * * *
The six-headed hydra bites you but does no damage.
The six-headed hydra misses you.
The six-headed hydra completely misses you.
The six-headed hydra bites you!
* * * LOW HITPOINT WARNING * * *
Your body deteriorates!
You feel dopey. The six-headed hydra bites you!
* * * LOW HITPOINT WARNING * * *
You hear two shouts!
Things that are here:
a +0 dagger; a manticore corpse The stone giant shouts!
You lop one of the six-headed hydra's heads off!
The five-headed hydra grows two more!
You slash the seven-headed hydra! You bite the seven-headed hydra.
You drain its power.
You feel invigorated.
The seven-headed hydra is lightly wounded.
The seven-headed hydra bites you but does no damage.
The seven-headed hydra bites you.
* * * LOW HITPOINT WARNING * * *
The seven-headed hydra bites you but does no damage.
The seven-headed hydra closely misses you.
The seven-headed hydra bites you!
* * * LOW HITPOINT WARNING * * *
The seven-headed hydra misses you.
The seven-headed hydra bites you but does no damage.
An ettin comes into view. It is wielding two +0 dire flails.
You hack one of the seven-headed hydra's heads off!
The six-headed hydra grows two more!
You slice the eight-headed hydra!! You bite the eight-headed hydra.
You drain its power.
You feel invigorated.
The eight-headed hydra is moderately wounded.
The eight-headed hydra barely misses you.
The eight-headed hydra bites you.
* * * LOW HITPOINT WARNING * * *
The eight-headed hydra closely misses you.
The eight-headed hydra bites you!
You die...

..[[[...'............'††....†††'.
▓▓▓▓▓▓▓▓▓▓▓▓▓▓▓▓▓▓▓▓▓▓▓▓▓▓▓▓▓▓▓▓▓
.................................
▓▓▓▓▓▓▓▓▓▓▓▓▓▓▓▓▓▓▓▓▓▓▓▓▓▓▓▓▓▓▓▓▓
....'.....∩.∩)∩)∩.))))'.......)))
▓▓▓▓▓▓▓▓▓▓▓▓▓▓▓▓▓▓▓▓▓▓▓▓▓▓▓▓▓▓▓▓▓
.................................
▓▓▓▓▓▓▓▓▓▓▓▓▓▓▓▓▓▓▓▓▓▓▓▓▓▓▓▓▓▓▓▓▓
CCuT.HD@).)'......!...=[
▓▓▓▓▓▓▓▓▓▓▓▓▓▓▓▓▓▓▓▓▓▓▓▓


You could see a stone giant, an eight-headed hydra, a cyan ugly thing, an ettin,
a manticore and a deep troll earth mage.

Vanquished Creatures
  Harold (D)
  A centaur warrior (D)
  2 death yaks (D)
  A lindwurm (D)
  A deep elf pyromancer (D)
  7 orc knights (D)
  2 ugly things (D)
  A manticore (D)
  9 elephants (D)
  A torpor snail (D)
  Joseph (D)
  A gargoyle (D)
  A cane toad (D)
  A rime drake (D)
  2 kobold demonologists (D)
  A yaktaur (D)
  3 komodo dragons (D)
  A troll (D)
  A slime creature (D)
  A yak (D)
  A vampire mosquito (D)
  A wyvern (D)
  A wraith (D)
  A basilisk (D)
  2 water moccasins (D)
  A black bear (D)
  A necrophage (D)
  18 orc warriors (D)
  A centaur (D)
  2 bullfrogs (D)
  3 killer bees (D)
  A howler monkey (D)
  4 orc priests (D)
  2 iguanas (D)
  2 orc wizards (D)
  8 orcs (D)
  A goblin (D)
  A ball python (D)
  A ball python skeleton (D)
  A bat (D)
  A frilled lizard (D)
  A rat (D)
94 creatures vanquished.

Notes
Turn   | Place    | Note
-------+----------+-------------------------------------------
     0 | D        | Zeldest the Vine Stalker Transmuter began the quest for the
                  | Orb.
     0 | D        | Reached XP level 1. HP: 9/9 MP: 4/4
    13 | D        | Reached skill level 4 in Unarmed Combat
    24 | D        | Noticed an iguana
    24 | D        | Noticed a necrophage
    24 | D        | Noticed an iguana
    27 | D        | Killed an iguana
    28 | D        | Reached skill level 6 in Unarmed Combat
    28 | D        | Reached XP level 2. HP: 13/14 MP: 3/6
    28 | D        | Reached XP level 3. HP: 16/17 MP: 3/7
    34 | D        | Killed a necrophage
    35 | D        | Reached skill level 9 in Unarmed Combat
    35 | D        | Gained mutation: Your natural rate of healing is unusually
                  | fast. [Vine Stalker growth]
    35 | D        | Reached XP level 4. HP: 9/21 MP: 5/8
    35 | D        | Reached XP level 5. HP: 10/25 MP: 5/9
    40 | D        | Reached skill level 10 in Unarmed Combat
    48 | D        | Found a snail-covered altar of Cheibriados.
    48 | D        | Found a shadowy altar of Dithmenos.
    48 | D        | Found a white marble altar of Elyvilon.
    48 | D        | Found a blossoming altar of Fedhas.
    48 | D        | Found an opulent altar of Gozag.
    49 | D        | Found a hazy altar of Hepliaklqana.
    50 | D        | Found a viscous altar of Jiyva.
    51 | D        | Found an ancient bone altar of Kikubaaqudgha.
    52 | D        | Became a worshipper of Cheibriados the Contemplative
    53 | D        | Found a corrupted altar of Lugonu.
    54 | D        | Found a burning altar of Makhleb.
    55 | D        | Found a sparkling altar of Nemelex Xobeh.
    56 | D        | Found an iron altar of Okawaru.
    57 | D        | Found a stormy altar of Qazlal.
    58 | D        | Found a sacrificial altar of Ru.
    59 | D        | Found a shimmering blue altar of Sif Muna.
    60 | D        | Found a bloodstained altar of Trog.
    61 | D        | Found a hide-covered altar of Uskayaw.
    62 | D        | Found a radiant altar of Vehumet.
    63 | D        | Found an ornate altar of the Wu Jian Council.
    64 | D        | Found a shimmering altar of Xom.
    65 | D        | Found a basalt altar of Yredelemnul.
    66 | D        | Found a glowing silver altar of Zin.
    67 | D        | Found a glowing golden altar of the Shining One.
   108 | D        | Noticed a centaur
   108 | D        | Noticed a kobold demonologist
   109 | D        | Noticed an ice devil
   110 | D        | Killed a centaur
   111 | D        | Reached skill level 1 in Armour
   111 | D        | Reached XP level 6. HP: 31/31 MP: 10/10
   111 | D        | Reached * piety under Cheibriados
   111 | D        | Killed a kobold demonologist
   112 | D        | Reached skill level 11 in Unarmed Combat
   112 | D        | Reached skill level 5 in Transmutations
   112 | D        | Reached XP level 7. HP: 37/37 MP: 11/11
   115 | D        | Reached ** piety under Cheibriados
   120 | D        | Reached *** piety under Cheibriados
   131 | D        | Learned a level 2 spell: Wereblood
   133 | D        | Noticed a slime creature
   133 | D        | Noticed a green ugly thing
   133 | D        | Noticed a kobold demonologist
   133 | D        | Noticed a wraith
   133 | D        | Noticed a troll
   133 | D        | Noticed a gargoyle
   139 | D        | Killed a gargoyle
   139 | D        | Killed a wraith
   140 | D        | Reached skill level 5 in Fighting
   140 | D        | Reached skill level 5 in Dodging
   140 | D        | Reached skill level 12 in Unarmed Combat
   140 | D        | Reached skill level 5 in Invocations
   140 | D        | Gained mutation: You have razor-sharp teeth. [Vine Stalker
                  | growth]
   140 | D        | Reached XP level 8. HP: 13/44 MP: 3/13
   140 | D        | Killed a green ugly thing
   140 | D        | Reached **** piety under Cheibriados
   141 | D        | Reached skill level 5 in Armour
   141 | D        | Killed a troll
   142 | D        | Killed a kobold demonologist
   143 | D        | Reached XP level 9. HP: 18/49 MP: 3/15
   144 | D        | Reached ***** piety under Cheibriados
   266 | D        | Noticed a cane toad
   266 | D        | Noticed a komodo dragon
   266 | D        | Noticed a komodo dragon
   266 | D        | Noticed a rime drake
   268 | D        | Noticed a death yak
   270 | D        | Killed a rime drake
   274 | D        | Killed a komodo dragon
   279 | D        | Noticed a komodo dragon
   282 | D        | Killed a death yak
   283 | D        | Reached skill level 13 in Unarmed Combat
   283 | D        | Reached XP level 10. HP: 55/56 MP: 13/17
   286 | D        | Reached ****** piety under Cheibriados
   287 | D        | Killed a cane toad
   305 | D        | Noticed a death yak
   305 | D        | Noticed a torpor snail
   306 | D        | Noticed a lindwurm
   308 | D        | Noticed an elephant
   310 | D        | Killed a torpor snail
   311 | D        | Reached skill level 10 in Transmutations
   311 | D        | Killed a death yak
   314 | D        | Killed a lindwurm
   315 | D        | Reached skill level 14 in Unarmed Combat
   315 | D        | Reached skill level 10 in Invocations
   316 | D        | Killed an elephant
   317 | D        | Reached XP level 11. HP: 35/62 MP: 5/19
   334 | D        | Reached skill level 10 in Fighting
   372 | D        | Learned a level 5 spell: Irradiate
   449 | D        | Noticed Joseph
   459 | D        | Killed Joseph
   460 | D        | Reached skill level 1 in Conjurations
   556 | D        | Noticed an orc knight
   561 | D        | Reached skill level 10 in Dodging
   564 | D        | Reached skill level 15 in Unarmed Combat
   572 | D        | Killed an orc knight
   589 | D        | Found Ihies's Armour Boutique.
   589 | D        | Noticed an orc knight
   589 | D        | Noticed an orc knight
   590 | D        | Noticed an orc knight
   596 | D        | Killed an orc knight
   597 | D        | Found Rief's Magic Scroll Shop.
   603 | D        | Killed an orc knight
   606 | D        | Killed an orc knight
   609 | D        | Found Buemuddia's General Store.
   615 | D        | Reached XP level 12. HP: 70/70 MP: 21/21
   618 | D        | Found Mytiepte's Book Shop.
   630 | D        | Reached skill level 5 in Conjurations
   745 | D        | Bought a book of Weapons for 352 gold pieces
   751 | D        | Learned a level 5 spell: Blade Hands
   755 | D        | Bought a scroll of acquirement for 520 gold pieces
   755 | D        | Bought a scroll of enchant armour for 75 gold pieces
   757 | D        | Bought a +2 pair of boots of flying for 215 gold pieces
   764 | D        | Bought a scroll of blinking for 75 gold pieces
   766 | D        | Bought an amulet of magic regeneration for 330 gold pieces
   766 | D        | Bought a potion of lignification for 33 gold pieces
   766 | D        | Bought a scroll of vulnerability for 82 gold pieces
   766 | D        | Acquired 718 gold pieces
   821 | D        | Noticed Harold
   828 | D        | Killed Harold
   901 | D        | Found the +27 Lear's hauberk
   989 | D        | Gained mutation: Your body sometimes deteriorates upon
                  | taking damage. [potion of mutation]
   989 | D        | Gained mutation: Your body often deteriorates upon taking
                  | damage. [potion of mutation]
   989 | D        | Gained mutation: You are dopey. (Int -2) [potion of
                  | mutation]
   999 | D        | Noticed a centaur warrior
  1002 | D        | Noticed a six-headed hydra
  1007 | D        | Noticed a deep troll earth mage
  1009 | D        | Killed a centaur warrior
  1010 | D        | Noticed a lich
  1015 | D        | Noticed a stone giant
  1016 | D        | HP: 2/71 [seven-headed hydra (3)]
  1016 | D        | Noticed an ettin
  1017 | D        | Slain by an eight-headed hydra

Illustrated notes

Levels and vault maps discovered:
D:        linesprint [early_d, line_temple, items_1, d_10, items_2, lair_1,
          lair_end, items_3, orc_1, orc_end, items_4, d_15, swamp_1, shoals_1,
          snake_1, spider_1, d_20, vaults_1, items_5, swamp_end, shoals_end,
          snake_end, spider_end, vaults_end, d_27, items_6, zot_1, zot_end,
          crypt_end, forest_end, elf_end, slime_end, tomb_end, abyss_end,
          pan_hell_end]

Skill      XL: |  1  2  3  4  5  6  7  8  9 10 11 12 |
---------------+-------------------------------------+-----
Unarmed Combat | 6 9 10 11 12 13 14 15 | 15.8
Fighting       | 2 4 5 6 7 9 11 | 11.8
Armour         | 1 3 4 5 6 |  6.8
Dodging        | 2 4 5 6 7 8 10 11 | 11.0
Transmutations | 3 5 6 7 8 10 12 | 12.9
Invocations    | 2 4 5 6 8 10 11 12 | 12.6
Conjurations   | 4 5 |  5.3
Spellcasting   | |  2.1

Action                   |  1- 3 |  4- 6 |  7- 9 | 10-12 || total
-------------------------+-------+-------+-------+-------++-------
Melee: Unarmed           |    18 |     7 |    24 |   135 ||   184
       Bite              |     4 |       |    10 |    67 ||    81
       Kick              |     3 |     3 |    11 |    57 ||    74
       Headbutt          |       |       |     9 |    31 ||    40
       Punch             |       |       |     2 |    18 ||    20
 Cast: Beastly Appendage |     2 |     1 |     3 |     7 ||    13
       Wereblood         |       |       |     2 |     6 ||     8
       Blade Hands       |       |       |       |     4 ||     4
Invok: Slouch            |       |       |       |     2 ||     2
 Abil: End Transformatio |       |       |       |     1 ||     1
Evoke: Wand              |       |     3 |     8 |       ||    11
  Use: Potion            |     2 |     1 |       |     1 ||     4
       Scroll            |       |       |       |     1 ||     1
 Stab: Sleeping          |       |       |       |     1 ||     1
Armor: Robe              |     2 |       |       |       ||     2
       Chain mail        |       |     4 |     5 |       ||     9
       Troll leather arm |       |       |     3 |    10 ||    13
       Plate armour      |       |       |       |     8 ||     8
Dodge: Dodged            |     9 |     4 |    12 |   110 ||   135

Table legend: (Time is in decaauts)
 A = Elapsed time spent in this place.
 B = Non-inter-level travel time spent in this place.
 C = Inter-level travel time spent in this place.
 D = Time resting spent in this place.
 E = Time spent auto-exploring this place.
 F = Levels seen in this place.
 G = Mean time per level.
                   A        B        C        D        E       F      G
               +--------+--------+--------+--------+--------+-----+--------+
         Total |   1473 |   1469 |      4 |      0 |      0 |   1 | 1473.0 |
       Dungeon |   1473 |   1469 |      4 |      0 |      0 |   1 | 1473.0 |
               +--------+--------+--------+--------+--------+-----+--------+

Top non-repeatable levels by time:
       D: 1473 daAuts
